Map: Ever Dream LE

Players

PtitDrogo - Winner!

  • Race: Protoss Protoss
  • League: Grandmaster
  • Spawn Location: 1:00

BlyOnFire (Bly)

  • Race: Zerg Zerg
  • Spawn Location: 7:00

Event: DreamHack SC2 Masters 2020 Fall

VOD

Have the link to the VOD?

Description

Time

  • Played on: Sept. 6, 2020, 11:11 a.m.
  • Length: 8:00

All games in this series

Show
View Real Time Build Order
Export as new Build Order

PtitDrogo Protoss - Winner!

Build Orders: 1 Gate Expand, Oracle Opening, Zealot Archon 

Get SALT Encoding   

  12  0:00  Probe  
  13  0:12  Probe  
  14  0:18  Pylon  
  14  0:24  Probe (Chrono Boost)  
  14  0:28  Assimilator  
  15  0:36  Probe (Chrono Boost)  
  16  0:43  Gateway  
  16  0:46  Probe (Chrono Boost)  
  17  0:52  Probe  
  18  1:04  Probe  
  19  1:17  Probe  
  20  1:23  Nexus  
  20  1:33  Cybernetics Core  
  20  1:36  Probe  
  21  1:40  Assimilator  
  21  1:48  Probe  
  21  1:50  Pylon  
  22  2:00  Probe  
  23  2:06  Adept (Chrono Boost)  
  23  2:12  Warp Gate  
  23  2:13  Probe  
  26  2:21  Stargate  
  26  2:26  Adept (Chrono Boost), Probe (Chrono Boost)  
  29  2:35  Probe (Chrono Boost)  
  30  2:43  Probe (Chrono Boost)  
  31  2:45  Probe (Chrono Boost)  
  31  2:49  Probe (Chrono Boost), Stalker  
  35  2:53  Probe  
  36  3:06  Oracle (Chrono Boost)  
  36  3:07  Probe  
  36  3:10  Probe  
  41  3:16  Gateway  
  41  3:20  Probe  
  41  3:25  Pylon  
  42  3:29  Probe  
  43  3:35  Oracle (Chrono Boost)  
  44  3:43  Probe  
  44  3:44  Nexus  
  44  3:47  Probe  
  44  3:55  Probe  
  45  4:03  Oracle (Chrono Boost)  
  45  4:06  Adept  
  50  4:10  Adept  
  50  4:11  Probe x2  
  50  4:17  Assimilator  
  54  4:19  Assimilator  
  54  4:28  Pylon  
  54  4:29  Pylon  
  54  4:44  Twilight Council, Forge  
  54  4:46  Probe (Chrono Boost)  
  54  4:52  Probe (Chrono Boost)  
  56  4:56  Probe (Chrono Boost)  
  56  4:57  Gateway  
  56  4:58  Protoss Ground Weapons Level 1, Gateway  
  59  5:00  Probe x2 (Chrono Boost)  
  59  5:01  Gateway, Probe (Chrono Boost)  
  60  5:10  Probe  
  60  5:13  Probe  
  62  5:15  Charge (Chrono Boost)  
  62  5:22  Probe  
  62  5:23  Dark Shrine  
  62  5:24  Probe  
  62  5:25  Probe  
  62  5:26  Zealot x2  
  69  5:28  Pylon  
  69  5:31  Pylon  
  69  5:39  Shield Battery, Gateway  
  69  5:42  Shield Battery  
  69  5:47  Gateway  
  69  5:54  Sentry, Stalker x3  
  77  5:57  Stalker  
  79  6:08  Shield Battery  
  79  6:14  Pylon  
  79  6:16  Pylon  
  79  6:31  Zealot x2  
  75  6:40  Dark Templar  
  75  6:41  Dark Templar  
  75  6:44  Dark Templar x3  
  85  6:53  Zealot x2  
  87  7:10  Nexus  
  87  7:12  Pylon x2  
  87  7:17  Zealot x3, Pylon  
  87  7:21  Archon x2  
  93  7:27  Pylon  
  93  7:28  Pylon  
  93  7:31  Zealot x4  
  101  7:48  Zealot x3  
Show
View Real Time Build Order
Export as new Build Order

BlyOnFire Zerg 

Build Orders: Hatch First 

Get SALT Encoding   

  12  0:00  Drone  
  13  0:12  Overlord  
  13  0:17  Drone  
  14  0:30  Drone x2  
  16  0:48  Hatchery  
  15  0:50  Drone  
  15  0:54  Drone  
  17  0:57  Drone  
  18  1:08  Extractor  
  17  1:13  Spawning Pool  
  17  1:17  Drone  
  17  1:18  Drone  
  18  1:27  Drone  
  19  1:40  Drone  
  20  1:49  Overlord  
  20  2:00  Queen x2  
  24  2:01  Zergling x4  
  26  2:08  Metabolic Boost  
  26  2:12  Drone x2  
  28  2:22  Drone x2  
  30  2:32  Drone  
  30  2:33  Drone  
  32  2:45  Hatchery  
  32  2:46  Drone, Overlord  
  32  2:51  Queen  
  32  2:55  Overlord  
  33  3:08  Drone  
  33  3:09  Drone x2  
  36  3:13  Drone x5  
  36  3:17  Spore Crawler  
  40  3:22  Drone x3  
  43  3:29  Overlord  
  43  3:36  Zergling x2  
  40  3:41  Drone x2  
  40  3:43  Spore Crawler  
  40  3:46  Drone x3  
  44  3:51  Queen x2  
  49  3:55  Drone  
  49  3:58  Drone x2  
  49  4:01  Queen  
  53  4:04  Drone x2  
  55  4:10  Overlord  
  55  4:12  Overlord  
  55  4:20  Drone  
  55  4:22  Roach Warren  
  55  4:27  Drone x2, Spore Crawler  
  55  4:28  Unknown  
  55  4:32  Overlord  
  55  4:34  Overlord  
  55  4:37  Drone x2  
  54  5:03  Roach x10  
  72  5:15  Zergling x16  
  72  5:18  Overlord  
  79  5:22  Overlord  
  79  5:34  Zergling x8  
  79  5:35  Ravager x3  
  86  5:41  Queen x2  
  90  5:45  Zergling x8  
  90  5:49  Ravager x2  
  96  5:55  Overlord  
  96  5:56  Overlord  
  95  6:06  Zergling x16  
  104  6:11  Ravager x2, Overlord  
  103  6:20  Overlord x2  
  102  6:28  Zergling x6  
  103  6:34  Overlord  
  100  6:43  Overlord  
  100  6:44  Drone  
  100  6:45  Drone  
  105  6:50  Lair  
  105  6:51  Overlord  
  78  7:03  Drone x6  
  81  7:10  Roach  
  81  7:12  Roach  
  79  7:16  Roach x2  
  79  7:18  Roach x3  
  86  7:24  Roach  
  88  7:30  Roach x2  
  88  7:37  Roach x3, Hatchery  

Tags
 
Add a new tag
Caveats
  • Supply blocks, unpowered buildings, or Contaminate may cause inaccurate times.
  • Supply counts are checked every 10 seconds.